 Dungeon Crawl Stone Soup version 0.25.0-9-g26727b657a (webtiles) character file.

Game seed: 8992041735134798555

147 Infinimo the Digger (level 5, -1/28 HPs)
             Began as a Gargoyle Earth Elementalist on June 20, 2020.
             Slain by a bullfrog zombie (3 damage)
             ... on level 3 of the Dungeon.
             The game lasted 00:02:44 (2326 turns).

Infinimo the Digger (Gargoyle Earth Elementalist)   Turns: 2326, Time: 00:02:45

Health: -1/28      AC:  7    Str: 12    XL:     5   Next: 29%
Magic:  9/9        EV: 12    Int: 16    God:
Gold:   102        SH:  0    Dex: 10    Spells: 9/10 levels left

rFire    . . .     SeeInvis .   e - +0 dagger
rCold    . . .     Gourm    .   (no shield)
rNeg     + . .     Faith    .   c - +0 robe
rPois    ∞         Spirit   .   (no helmet)
rElec    +         Reflect  .   a - +0 cloak
rCorr    .         Harm     .   (no gloves)
MR       .....                  (no boots)
Stlth    ++........             (no amulet)
HPRegen  0.09/turn              (no ring)
MPRegen  0.11/turn              (no ring)

@: no status effects
A: negative energy resistance 1, electricity resistance, unbreathing,
petrification resistance, rot immunity, AC +4
a: no special abilities


You were on level 3 of the Dungeon.
You were not hungry.

You visited 1 branch of the dungeon, and saw 3 of its levels.

You collected 102 gold pieces.

Inventory:

Hand Weapons
 e - a +0 dagger (weapon)
Armour
 a - a +0 cloak (worn)
 c - a +0 robe (worn)
Jewellery
 p - an uncursed ring of magical power {unknown}
Scrolls
 g - 2 scrolls of enchant armour {unknown}
 i - a scroll of magic mapping {unknown}
 j - 4 scrolls of fear {unknown}
 k - 4 scrolls of teleportation {unknown}
 m - a scroll of random uselessness {unknown}
 o - 2 scrolls of identify {unknown}
Potions
 f - a potion of flight {unknown}
 h - a potion of mutation {unknown}
 l - a potion of magic {unknown}
Comestibles
 b - 2 chunks of flesh
 d - 3 rations


   Skills:
 + Level 0.7 Fighting
 + Level 1.3 Short Blades
 + Level 2.1 Dodging
 + Level 2.7 Stealth
 + Level 0.1 Unarmed Combat
 + Level 3.0 Spellcasting
   Level 0.7 Transmutations
 + Level 4.9 Earth Magic


You had 9 spell levels left.
You knew the following spells:

 Your Spells              Type           Power        Failure   Level  Hunger
a - Sandblast             Erth           ###...       2%          1    #......

Your spell library contained the following spells:

 Spells                   Type           Power        Failure   Level  Hunger
 Passwall                 Tmut/Erth      ##......     9%          2    ##.....
 Stone Arrow              Conj/Erth      ##....       21%         3    ###....
 Petrify                  Tmut/Erth      ##......     50%         4    #####..
 Lee's Rapid Deconstruct  Erth           ###.......   56%         5    ######.


Dungeon Overview and Level Annotations

Branches:
Dungeon (3/15)

Altars:
Dithmenos
The Shining One


Innate Abilities, Weirdness & Mutations

You are resistant to torment.
Your stone body is resilient. (AC +4)
You are immune to poison.
You resist negative energy. (rN+)
You are resistant to electric shocks. (rElec)
You can survive without breathing.
You are immune to petrification.
You are immune to rotting.


Message History

You barely miss the bullfrog zombie.
The bullfrog zombie is heavily damaged.
The bullfrog zombie hits you but does no damage.
The bullfrog zombie closely misses you.
You hit the bullfrog zombie.
The bullfrog zombie is severely damaged.
The bullfrog zombie hits you.
* * * LOW HITPOINT WARNING * * *
You barely miss the bullfrog zombie.
The bullfrog zombie is severely damaged.
The bullfrog zombie hits you.
* * * LOW HITPOINT WARNING * * *
You hit the bullfrog zombie but do no damage.
The bullfrog zombie is severely damaged.
The bullfrog zombie hits you but does no damage.
You hit the bullfrog zombie.
The bullfrog zombie is severely damaged.
The bullfrog zombie hits you but does no damage.
The bullfrog zombie hits you.
You die...

#####.###..... .....###.#.#
#............. .......[)..
###.###########. #######.#.#
#.............# #.#.#
#.............######## #.#.#
#..>....................o......
#..............#########..#.#.#
#..............# #..#.#.#
#.............@# #. #.#.#
##############Z# #. #.#
#...........# # #.#
#...........# #.# #...........#
#...........# #...........#
#...........# #...........#


You could see a bullfrog zombie.

Vanquished Creatures
  A crimson imp (D:3)
  An orc wizard (D:3)
  An adder (D:2)
  A gnoll (D:1)
  2 worms
  5 dart slugs (D:1)
  A leopard gecko (D:3)
  5 orcs (D:3)
  3 bats
  3 giant cockroaches
  6 goblins
  3 hobgoblins
  3 frilled lizards (D:1)
  8 kobolds
  7 rats
50 creatures vanquished.

Notes
Turn   | Place    | Note
-------+----------+-------------------------------------------
     0 | D:1      | Infinimo the Gargoyle Earth Elementalist began the quest
                  | for the Orb.
     0 | D:1      | Reached XP level 1. HP: 10/10 MP: 3/3
   334 | D:1      | Reached XP level 2. HP: 13/15 MP: 5/5
   384 | D:1      | Reached skill level 4 in Earth Magic
   631 | D:1      | Reached XP level 3. HP: 19/19 MP: 6/6
  1353 | D:2      | Reached skill level 1 in Short Blades
  1398 | D:2      | Reached XP level 4. HP: 21/24 MP: 3/7
  1624 | D:2      | Found a glowing golden altar of the Shining One.
  2048 | D:3      | Reached XP level 5. HP: 27/28 MP: 0/9
  2217 | D:3      | Found a shadowy altar of Dithmenos.
  2326 | D:3      | Slain by a bullfrog zombie

Illustrated notes

Levels and vault maps discovered:
D:1:      scummos_arrival_gate, layout_basic, st_stairs_8, minmay_tromino_v7
D:2:      layout_rooms, old_standard_altar, first_ration
D:3:      layout_basic, nicolae_dithmenos_shadow_blocks

Skill      XL: |  1  2  3  4  5 |
---------------+----------------+-----
Earth Magic    | 4 |  4.9
Short Blades   | 1 |  1.3
Dodging        | 2 |  2.1
Spellcasting   | 3 |  3.0
Fighting       | |  0.7
Stealth        | |  2.7
Unarmed Combat | |  0.1
Transmutations | |  0.7

Action                   |  1- 3 |  4- 6 || total
-------------------------+-------+-------++-------
Melee: Dagger            |   119 |    78 ||   197
       Unarmed           |    10 |       ||    10
 Cast: Sandblast         |    11 |    30 ||    41
 Stab: Sleeping          |     1 |     2 ||     3
  Eat: Chunk             |     2 |     3 ||     5
Armor: Robe              |    43 |    23 ||    66
Dodge: Dodged            |    58 |    47 ||   105
